 Dungeon Crawl Stone Soup version 0.27-a0-1154-gfdeffcb720 (webtiles) character file.

Game seed: 18098698773919264761

21 Froggeryz the Changer (level 2, -1/20 HPs)
             Began as a Ghoul Wanderer on May 14, 2021.
             Slain by a quokka (5 damage)
             ... on level 1 of the Dungeon.
             The game lasted 00:00:52 (1115 turns).

Froggeryz the Changer (Ghoul Wanderer)              Turns: 1115, Time: 00:00:53

Health: -1/20      AC:  3    Str: 14    XL:     2   Next: 87%
Magic:  3/3        EV: 11    Int:  9    God:
Gold:   0          SH:  0    Dex:  7    Spells: 3/4 levels left

rFire    . . .     SeeInvis .   c - +0 hand axe
rCold    + . .     Faith    .   (no shield)
rNeg     + + +     Spirit   .   d - +1 robe
rPois    ∞         Reflect  .   (no helmet)
rElec    .         Harm     .   (no cloak)
rCorr    .         Rampage  .   (no gloves)
Will     .....                  (no boots)
Stlth    +.........             (no amulet)
HPRegen  0.00/turn              (no ring)
MPRegen  0.08/turn              (no ring)

@: no status effects
A: claws 1, cold resistance 1, negative energy resistance 3, inhibited
regeneration, torment resistance 2
a: no special abilities


You were on level 1 of the Dungeon.
You visited 1 branch of the dungeon, and saw 1 of its levels.

Inventory:

Hand Weapons
 c - a +0 hand axe (weapon)
Missiles
 f - 8 poisoned darts (quivered)
Armour
 d - a +1 robe (worn)
Wands
 e - a wand of charming (15)
Potions
 a - a potion of brilliance {unknown}


   Skills:
 - Level 1.0 Shields
 + Level 2.6 Unarmed Combat
 - Level 1.7 Spellcasting
 - Level 1.7 Translocations
 - Level 3.6 Transmutations
 - Level 1.0 Evocations


You had 3 spell levels left.
You knew the following spells:

 Your Spells              Type           Power      Damage    Failure   Level
a - Freeze                Ice            0%         1d3       34%         1

Your spell library contained the following spells:

 Spells                   Type           Power      Damage    Failure   Level
 Poisonous Vapours        Pois/Air       0%         N/A       45%         2
 Static Discharge         Conj/Air       0%         N/A       45%         2
 Ozocubu's Armour         Ice            0%         N/A       71%         3


Dungeon Overview and Level Annotations

Branches:
Dungeon (1/15)

Altars:


Innate Abilities, Weirdness & Mutations

You thrive by killing the living.
You are immune to poison.
You have sharp fingernails.
Your flesh is cold resistant. (rC+)
You are immune to negative energy. (rN+++)
You do not regenerate when monsters are visible.
You are immune to unholy pain and torment.


Message History

The quokka is almost dead.
The quokka bites you but does no damage.
You closely miss the quokka.
The quokka is almost dead.
The quokka barely misses you. x2
You closely miss the quokka.
The quokka is almost dead.
The quokka bites you but does no damage.
You closely miss the quokka.
The quokka is almost dead.
The quokka bites you.
* * * LOW HITPOINT WARNING * * *
The quokka barely misses you.
You are too injured to fight recklessly!
You are too injured to fight recklessly!
You are too injured to fight recklessly!
You are too injured to fight recklessly!
You are too injured to fight recklessly!
You are too injured to fight recklessly!
You are too injured to fight recklessly!
You are too injured to fight recklessly!
You are too injured to fight recklessly!
You are too injured to fight recklessly!
You are too injured to fight recklessly!
You are too injured to fight recklessly!
You are too injured to fight recklessly!
You are too injured to fight recklessly!
You are too injured to fight recklessly!
You closely miss the quokka.
The quokka is almost dead.
The quokka closely misses you.
You miss the quokka.
The quokka is almost dead.
The quokka bites you.
* * * LOW HITPOINT WARNING * * *
The quokka barely misses you.
You hit the quokka but do no damage.
The quokka is almost dead.
The quokka barely misses you. The quokka bites you.
You die...

...#######B.r.....
........†.r.......
...####.##........
#.##...!...[
#B##########
#....# #r# #....
#S# ######.... #r#
.........# #@#
.........# #.#
.........# #.#
.........# #.#
.........# #.#
.........#####.# #
...............# #
..^......#######
### ########.#
#.### ####..


You could see a quokka, a giant cockroach, a ball python and a rat.

Vanquished Creatures
  A dart slug (D:1)
  A ball python (D:1)
  An endoplasm (D:1)
  A giant cockroach (D:1)
  3 goblins (D:1)
  4 hobgoblins (D:1)
  2 kobolds (D:1)
  A quokka (D:1)
  2 bats (D:1)
  A frilled lizard (D:1)
17 creatures vanquished.

Notes
Turn   | Place    | Note
-------+----------+-------------------------------------------
     0 | D:1      | Froggeryz the Ghoul Wanderer began the quest for the Orb.
     0 | D:1      | Froggeryz set off with the following items: a +0 club, a +0
                  | robe, a wand of charming (15); and the following spell
                  | memorised: Freeze; and the following spells available to
                  | memorise: Poisonous Vapours, Static Discharge, Ozocubu's
                  | Armour
     0 | D:1      | Reached XP level 1. HP: 14/14 MP: 2/2
   208 | D:1      | Reached skill level 1 in Unarmed Combat
   236 | D:1      | Reached XP level 2. HP: 5/20 MP: 3/3
  1115 | D:1      | Slain by a quokka

Illustrated notes

Levels and vault maps discovered:
D:1:      minmay_arrival_up_and_down, layout_basic

Skill      XL: |  1  2 |
---------------+-------+-----
Unarmed Combat | 1 2 |  2.6
Shields        | |  1.0
Spellcasting   | |  1.7
Translocations | |  1.7
Transmutations | |  3.6
Evocations     | |  1.0

Action                   || total
-------------------------++-------
Melee: Club              ||    18
       Hand axe          ||    70
       Punch             ||     1
  Use: Scroll            ||     1
Armor: Robe              ||    23
Dodge: Dodged            ||    59

Table legend: (Time is in decaauts)
 A = Elapsed time spent in this place.
 B = Non-inter-level travel time spent in this place.
 C = Inter-level travel time spent in this place.
 D = Time resting spent in this place.
 E = Time spent auto-exploring this place.
 F = Levels seen in this place.
 G = Mean time per level.
                   A        B        C        D        E       F      G
               +--------+--------+--------+--------+--------+-----+--------+
         Total |   1140 |   1140 |      0 |    405 |    552 |   1 | 1140.0 |
       Dungeon |   1140 |   1140 |      0 |    405 |    552 |   1 | 1140.0 |
               +--------+--------+--------+--------+--------+-----+--------+

Top non-repeatable levels by time:
     D:1: 1140 daAuts
